AoeStats
← Chris

African Clearing

505984904Analyzed
4v4 RM · 20d ago on Sep 11, 2026· 44m 18s· 8 players
Game mode
Random Map
Map size
Large (8 player)
Population
200
Speed
Normal
Resources
Standard
Victory
Conquest
Starting age
Dark Age
Ending age
Imperial Age
RankedLock teamsTeams togetherTeam positionsShared explorationLock speedFull tech treeHidden civsTurbo modeCheats
Victory
Defeat
🇮🇳 Magyars · India
1476
+9
🇺🇸 Georgians · United States
1442
+11
🇮🇳 Vietnamese · India
1418
+11
🇺🇸 Huns · United States
1167
+21
🇺🇸 Mongols · United States
1352
-15
🇺🇸 Portuguese · United States
1310
-13
🇨🇴 Hindustanis · Colombia
1296
-12
🇹🇼 Berbers · Taiwan
1293
-12
Chris
12:09 Feudal Age
12:32 Loom
12:09 Man-at-Arms
12:38 Arson
18:03 Horse Collar
19:48 Town Watch
20:38 Wheelbarrow
21:45 Gold Mining
24:41 Fletching
24:51 Padded Archer Armor
28:01 Castle Age
28:40 Double-Bit Axe
30:21 Bow Saw
33:45 Hand Cart
34:06 Heavy Plow
34:47 Gold Shaft Mining
36:35 Scale Mail Armor
36:45 Forging
35:57 Pikeman
36:38 Squires
37:29 Chain Mail Armor
40:57 Imperial Age
42:13 Plate Mail Armor
42:18 Iron Casting
42:55 Bloodlines
42:45 Husbandry
42:38 Elite Steppe Lancer
43:27 Scale Barding Armor
Dr.Dreamz
4:31 Loom
13:21 Feudal Age
18:32 Castle Age
17:56 Double-Bit Axe
19:02 Horse Collar
27:37 Town Watch
34:05 Imperial Age
33:51 Wheelbarrow
33:42 Gold Mining
35:47 Circumnavigation
36:24 Conscription
37:00 Fletching
39:22 Bodkin Arrow
40:40 Bracer
42:44 Block Printing
43:06 Sanctity
43:46 Theocracy
qwerasdfzxcv110
12:28 Feudal Age
16:14 Loom
20:05 Castle Age
38:58 Double-Bit Axe
43:07 Husbandry
lukardo
8:11 Loom
13:33 Feudal Age
18:38 Castle Age
16:30 Double-Bit Axe
17:30 Horse Collar
18:48 Bloodlines
20:11 Scale Barding Armor
25:26 Town Watch
26:37 Bow Saw
29:11 Husbandry
29:34 Chain Barding Armor
30:50 Wheelbarrow
32:03 Heavy Plow
35:40 Imperial Age
34:03 Hand Cart
35:43 Forging
34:56 Light Cavalry
36:06 Heavy Camel Rider
37:24 Iron Casting
37:55 Conscription
38:10 Gold Mining
38:35 Pikeman
39:53 Fletching
41:05 Blast Furnace
42:21 Squires
Manidhan
6:09 Loom
11:41 Feudal Age
14:18 Double-Bit Axe
15:52 Horse Collar
25:18 Castle Age
24:02 Scale Barding Armor
25:25 Bloodlines
25:14 Gold Mining
26:06 Husbandry
26:42 Light Cavalry
29:02 Fletching
30:49 Bodkin Arrow
31:19 Bow Saw
32:27 Wheelbarrow
34:04 Heavy Plow
35:11 Gold Shaft Mining
34:48 Town Watch
35:32 Hand Cart
40:47 Imperial Age
38:39 Thumb Ring
39:18 Stone Mining
40:38 Ballistics
41:38 Bracer
42:45 Chemistry
42:35 Padded Archer Armor
43:40 Two-Man Saw
43:34 Parthian Tactics
44:57 Conscription
44:43 Recurve Bow
vijayanandsmail
9:15 Loom
12:08 Feudal Age
14:21 Double-Bit Axe
15:17 Horse Collar
30:48 Castle Age
33:31 Castle Age
34:55 Bow Saw
35:02 Stone Mining
echO48
6:07 Loom
13:36 Feudal Age
18:28 Castle Age
17:01 Double-Bit Axe
17:14 Stone Mining
17:07 Horse Collar
19:47 Wheelbarrow
23:49 Bow Saw
24:30 Heavy Plow
26:29 Hand Cart
26:38 Gold Mining
31:13 Imperial Age
28:58 Chatras
29:38 Scale Barding Armor
29:43 Forging
30:49 Chain Barding Armor
31:32 Bloodlines
31:23 Husbandry
32:45 Plate Barding Armor
31:45 Elite Battle Elephant
33:08 Iron Casting
33:47 Paper Money
callofvalhalla
5:46 Loom
11:19 Feudal Age
13:01 Gold Mining
17:00 Fletching
22:19 Castle Age
23:05 Bodkin Arrow
22:30 Crossbowman
24:23 Padded Archer Armor
40:20 Horse Collar
40:26 Double-Bit Axe
42:10 Wheelbarrow
42:08 Town Watch
44:59 Imperial Age
43:01 Heavy Plow
43:17 Bow Saw
43:54 Ballistics
45:07 Hand Cart
Connection lost

Rejoining the realm…

Still unreachable

The connection could not be restored.

Session expired

The server has moved on; the page needs a fresh start.